 Dungeon Crawl Stone Soup version 0.22-a0-247-gbddf880 (webtiles) character file.

84 Gorglomux the Ducker (level 4, 0/37 HPs)
             Began as a Minotaur Earth Elementalist on Feb 25, 2018.
             Slain by Robin
             ... wielding a +1 mace of protection
              (1 damage)
             ... on level 3 of the Dungeon.
             The game lasted 00:02:14 (3167 turns).

Gorglomux the Ducker (Minotaur Earth Elementalist)  Turns: 3167, Time: 00:02:14

Health: 0/37       AC:  6    Str: 14    XL:     4   Next: 23%
Magic:  5/5        EV: 10    Int: 12    God:
Gold:   83         SH:  0    Dex: 10    Spells: 4/5 levels left

rFire    . . .     SeeInvis .   n - +0 hand axe
rCold    . . .     Gourm    .   (no shield)
rNeg     . . .     Faith    .   s - +0 scale mail (curse)
rPois    .         Spirit   .   (helmet restricted)
rElec    .         Reflect  .   (no cloak)
rCorr    .         Harm     .   (no gloves)
MR       .....                  (no boots)
Stlth    ..........             (no amulet)
HPRegen  0.12/turn              l - ring of flight
MPRegen  0.09/turn              (no ring)

@: no status effects
A: retaliatory headbutt, horns 2
a: Evoke Flight


You were on level 3 of the Dungeon.
You were not hungry.

You visited 1 branch of the dungeon, and saw 3 of its levels.

You collected 83 gold pieces.

Inventory:

Hand Weapons
 n - a +0 hand axe (weapon)
Missiles
 b - 68 stones (quivered)
Armour
 o - a +0 plate armour
 s - a cursed +0 scale mail (worn)
Jewellery
 l - a ring of flight (left hand)
Scrolls
 e - 3 scrolls of identify {unknown}
 f - 4 scrolls of teleportation {unknown}
 g - 3 scrolls of fear {unknown}
 m - 2 scrolls of remove curse {unknown}
 r - a scroll of blinking {unknown}
 y - a scroll of random uselessness {unknown}
Potions
 p - a potion of agility {unknown}
 q - a potion of flight {unknown}
 t - a potion of haste {unknown}
 u - a potion of ambrosia {unknown}
 w - 2 potions of lignification {unknown}
 x - a potion of degeneration {unknown}
 A - 2 potions of curing {unknown}
Comestibles
 d - 7 rations


   Skills:
 + Level 2.5 Fighting
 + Level 2.1 Axes
 + Level 2.5 Armour
 - Level 2.6 Dodging
 - Level 1.5 Stealth
 - Level 1.3 Spellcasting
   Level 0.7 Transmutations
 - Level 2.4 Earth Magic


You had 4 spell levels left.
You knew the following spells:

 Your Spells              Type           Power        Failure   Level  Hunger
a - Sandblast             Erth           #.....       41%         1    ##.....


Dungeon Overview and Level Annotations

Branches:
Dungeon (3/15)

Altars:
Zin

Shops:
D:2 *

Annotations:
D:3 Robin


Innate Abilities, Weirdness & Mutations

You reflexively headbutt those who attack you in melee.
You have a pair of horns on your head.


Message History

You barely butts Robin! You headbutt Robin, but do no damage!
Robin is lightly wounded!
Robin closely misses you!
You closely miss Robin!
Robin is lightly butt!
Robin hits you with a mace of protection!
You cut Robin but do no damage! You headbutt Robin, but do no damage!
Robin is lightly wounded!
Robin zaps a wand!
The puff of flame hits you!!! * * * don't butt
* * * You slice Robin but do no damage!
Robin is lightly wounded!
Robin zaps a wand!
The puff of flame hits butt!!! * * * don'butt die
* * * You carve Robin but do no damage!
Robin is lightly wounded!
Robin hits butt with a butt of protection! * * * don't die
* * * Robin hits you with a mace of protection! rip

..... . #.# ..... ..
#.# #.#.# ..##.#
#.#.# ..#..# #.#.#
.....########.#.#####
....................#
.............)...####
.......######<##@.#
...(......###(.g<.#
.....##...##..#####
.....#8÷..8##.#
.....##...###.#
.....##...##..#
†....##...#####
.....#⌠...8#
.....##...######


You could see Robin.

Vanquished Creatures
  An adder (D:2)
  2 oozes (D:2)
  A worm (D:2)
  2 dart slugs
  2 leopard geckos
  A ball python (D:2)
  3 giant cockroaches
  9 hobgoblins
  A quokka (D:2)
  7 bats
  2 frilled lizards (D:2)
  15 goblins
  4 kobolds
  4 rats (D:1)
54 creatures vanquished.

Vanquished Creatures (others)
  A plant (D:1)
1 creature vanquished.

Grand Total: 55 creatures vanquished

Notes
Turn   | Place    | Note
-------+----------+-------------------------------------------
     0 | D:1      | Gorglomux the Minotaur Earth Elementalist began the quest for the Orb.
     0 | D:1      | Reached XP level 1. HP: 14/14 MP: 1/1
   320 | D:1      | Reached skill level 1 in Fighting
   320 | D:1      | Reached skill level 1 in Armour
   322 | D:1      | Reached XP level 2. HP: 22/23 MP: 3/3
  1328 | D:2      | Reached XP level 3. HP: 21/29 MP: 4/4
  1332 | D:2      | Reached skill level 1 in Axes
  2103 | D:2      | Found a glowing silver altar of Zin.
  2104 | D:2      | Found Zin's Purification Station.
  2478 | D:2      | Reached XP level 4. HP: 37/37 MP: 5/5
  2703 | D:3      | Noticed Robin
  3166 | D:3      | HP: 1/37 [Robin/mace of protection (4)]
  3167 | D:3      | Slain by Robin

Vault maps used:
D:1:      onia_arrival_mini_maze_b, serial_bayou_pond_c
D:2:      kennysheep_six_static_rooms, zin_purify
D:3:      lemuel_coloured_pillars_altar, old_standard_altar,
          cheibriados_altar_1, marbit_many_paths, nicolae_ru_awakened_eye,
          corexii_hall_statues_i, minmay_misc_feat_rows, uniq_robin, uniq_ijyb

Skill      XL: |  1  2  3  4 |
---------------+-------------+-----
Fighting       | 1 2 |  2.5
Armour         | 1 2 |  2.5
Axes           | 1 2 |  2.1
Dodging        | |  2.6
Stealth        | |  1.5
Spellcasting   | |  1.3
Transmutations | |  0.7
Earth Magic    | |  2.4

Action                   |  1- 3 |  4- 6 || total
-------------------------+-------+-------++-------
Melee: Unarmed           |    38 |       ||    38
       Headbutt          |    19 |     5 ||    24
       Hand axe          |    77 |    38 ||   115
 Cast: Sandblast         |     4 |       ||     4
 Stab: Sleeping          |     1 |       ||     1
  Eat: Chunk             |     5 |     2 ||     7
Armor: Robe              |    12 |       ||    12
       Plate armour      |     9 |       ||     9
       Scale mail        |    32 |    10 ||    42
Dodge: Dodged            |    90 |    26 ||   116

Table legend:
 A = Spawn XP
 B = Non-spawn XP
 C = Spawn XP percentage of total XP
 D = Spawn monster count
 E = Non-spawn monster count
 F = Spawn count percentage of total count
 G = Total turns spent on level
                    A         B        C        D         E        F      G
               +---------+---------+-------+---------+---------+-------+---------
         Total |       0 |     120 |   0.0 |       0 |      54 |   0.0 |  3167
               +---------+---------+-------+---------+---------+-------+---------
           D:1 |       0 |      24 |   0.0 |       0 |      16 |   0.0 |  1164
           D:2 |       0 |      79 |   0.0 |       0 |      29 |   0.0 |  1862
           D:3 |       0 |      17 |   0.0 |       0 |       9 |   0.0 |   141
               +---------+---------+-------+---------+---------+-------+---------
